 Dungeon Crawl Stone Soup version 0.24.0-123-gd5b16e6ec5 (webtiles) character file.

Game seed: 1666368451564044627, levelgen mode: deterministic

994 SnakeLady the Skirmisher (level 8, 81/81 HPs)
             Began as a Naga Wanderer on Jan 5, 2020.
             Was an Initiate of Gozag.
             Quit the game on level 6 of the Dungeon.
             The game lasted 00:42:31 (6466 turns).

SnakeLady the Skirmisher (Naga Wanderer)            Turns: 6466, Time: 00:42:31

Health: 81/81      AC:  6    Str: 17    XL:     8   Next: 19%
Magic:  8/8        EV:  9    Int: 12    God:    Gozag
Gold:   323        SH:  0    Dex: 13    Spells: 7/7 levels left

rFire    + . .     SeeInvis +   a - +3 dagger (speed)
rCold    + + .     Gourm    .   (no shield)
rNeg     . . .     Faith    .   f - +0 ring mail
rPois    +         Spirit   .   q - +0 helmet
rElec    +         Reflect  .   (no cloak)
rCorr    +         Harm     .   (no gloves)
MR       +....                  (no barding)
Stlth    ++........             (no amulet)
HPRegen  0.23/turn              c - ring of protection from cold
MPRegen  0.11/turn              r - +2 ring of dexterity

@: resistant, flying, very slow
A: large, see invisible, deformed body, poison resistance, slowness 2, slow
metabolism 1, spit poison 1, AC +2
a: Spit Poison, Potion Petition, Call Merchant, Bribe Branch, Renounce Religion


You were on level 6 of the Dungeon.
You worshipped Gozag.
Gozag was aware of your devotion.
You were not hungry.

You visited 2 branches of the dungeon, and saw 7 of its levels.

You collected 381 gold pieces.
You paid 58 gold pieces to Gozag.

Inventory:

Hand Weapons
 a - a +3 dagger of speed (weapon)
Missiles
 n - 23 poisoned darts (quivered)
 J - 3 atropa-tipped darts
Armour
 f - a +0 ring mail (worn)
 j - a +0 chain mail
 k - a +0 plate armour
 q - a +0 helmet (worn)
Jewellery
 c - a ring of protection from cold (left hand)
 h - a +4 ring of slaying {unknown}
 r - a +2 ring of dexterity (right hand)
Scrolls
 l - a scroll of amnesia
 m - a scroll of enchant weapon
 o - a scroll of fog
 s - a scroll of fear {unknown}
 B - 2 scrolls of blinking {!r@r4}
 T - a scroll of teleportation {@r3}
Potions
 b - a potion of might {@q4}
 d - a potion of mutation
 e - a potion of agility {@q5}
 g - a potion of lignification
 i - 2 potions of brilliance
 p - a potion of magic
 H - 3 potions of haste {@q3}
 Q - a potion of curing {@q1}
Comestibles
 z - 6 rations


   Skills:
 + Level 7.8 Fighting
 - Level 4.2 Short Blades
   Level 1.0 Maces & Flails
 - Level 1.5 Armour
 - Level 2.3 Dodging
 - Level 5.0 Stealth
 - Level 1.0 Unarmed Combat


You had 7 spell levels left.
You didn't know any spells.
Your spell library contained the following spells:

 Spells                   Type           Power        Failure   Level  Hunger
 Pain                     Necr           #...         52%         1    ##.....


Dungeon Overview and Level Annotations

Branches:
Dungeon (6/15)             Temple (1/1) D:4

Altars:
Ashenzari
Cheibriados
Dithmenos
Elyvilon
Fedhas
Gozag
Hepliaklqana
Kikubaaqudgha
Makhleb
Qazlal
Ru
Sif Muna
Trog
Uskayaw
Vehumet
Xom
Yredelemnul
The Shining One

Annotations:
D:4 1 runed translucent door, hitsuchi's ghost, novice DDEE
D:5 exclusion: downstairs
D:6 1 runed translucent door, 1 exclusion, Crazy Yiuf; Sigmund


Innate Abilities, Weirdness & Mutations

You cannot wear boots.
Your serpentine skin is tough. (AC +2)
You have supernaturally acute eyesight. (SInv)
Armour fits poorly on your strangely shaped body.
Your system is resistant to poisons. (rPois)
You cover ground very slowly.
You have a slow metabolism.
You can spit poison.


Message History

Found a stone staircase leading down.
Unknown command.
Unknown command.
A sky beast comes into view.
Throwing (i - inventory. (/) - cycle)
n - 24 poisoned darts (quivered)
Press: ? - help, Shift-Dir - straight line, f - sky beast
Aim: a sky beast (resting)
You throw a poisoned dart.
The poisoned dart hits the sky beast. [a] - 0 gold - resistance, flight, heal wounds and curing [b] - 0 gold - might, agility, brilliance and resistance [c] - 0 gold - haste, heal wounds, resistance and agility Purchase which effect? [a] - 0 gold - resistance, flight, heal wounds and curing [b] - 0 gold - might, agility, brilliance and resistance [c] - 0 gold - haste, heal wounds, resistance and agility Purchase which effect?
You feel protected.
You feel very buoyant.
You fly up into the air.
You feel much better.
You feel better.
Okay, then.
Are you sure you want to abandon this character and quit the game? (Confirm with "yes".)

........##.###...........#
#.......# ###.####.....
#.##.##.# #.###...###
>#######.##.##.# ####....#
.......#.......# #....#
.........##.##.# ♣....♣
.#####.#.##.##.# ♣...♣♣
#.#.......###### ♣♣.♣♣
#.####..@..Y..(# ♣.♣♣ #.
#..######## ♣♣.♣ ..
....... ♣.♣♣ #.####..##
♣♣.♣ #. #... #+# #.## .g.
#. #...# #. #..)# #####


You could see a sky beast.

Vanquished Creatures
  A sky beast
  3 ogres
  A scorpion
  A jelly
  3 orc priests
  4 orc wizards
  A bullfrog skeleton
  A centaur skeleton
  3 worker ants
  2 hound skeletons Robin
  A gnoll
  4 adders
  A shadow imp
  A worm
  2 dart slugs
  A leopard gecko
  18 orcs
  4 ball pythons
  4 bats
  3 giant cockroaches
  27 goblins
  9 hobgoblins
  17 jackals
  2 quokkas
  3 frilled lizards
  9 kobolds
  8 rats
135 creatures vanquished.

Notes
Turn   | Place    | Note
-------+----------+-------------------------------------------
     0 | D:1      | SnakeLady the Naga Wanderer began the quest for the Orb.
     0 | D:1      | SnakeLady set off with the following items: a +2 dagger, 2
                  | potions of lignification, a +0 robe, a ration, a potion of
                  | haste {@q3}
     0 | D:1      | Reached XP level 1. HP: 21/21 MP: 1/1
     0 | D:1      | Str 15 Int 11 Dex 10
   272 | D:1      | Reached skill level 1 in Short Blades
   418 | D:1      | Reached XP level 2. HP: 28/28 MP: 2/2
   636 | D:1      | Reached skill level 2 in Short Blades
   654 | D:1      | Reached XP level 3. HP: 28/34 MP: 3/3
  1650 | D:2      | Reached skill level 4 in Fighting
  1853 | D:2      | Reached XP level 4. HP: 43/44 MP: 4/4
  2194 | D:2      | Reached skill level 5 in Stealth
  2884 | D:3      | Reached XP level 5. HP: 43/51 MP: 5/5
  3199 | D:3      | Reached skill level 5 in Fighting
  3299 | D:3      | Found a shattered altar of Ashenzari.
  3545 | D:3      | Noticed Robin
  3632 | D:3      | Killed Robin
  3745 | D:3      | Reached skill level 3 in Short Blades
  3759 | D:3      | Reached XP level 6. HP: 53/61 MP: 6/6
  3959 | D:4      | Found a staircase to the Ecumenical Temple.
  4115 | D:4      | Found a runed translucent door.
  4200 | D:4      | Reached skill level 6 in Fighting
  4335 | D:4      | Reached skill level 4 in Short Blades
  4335 | D:4      | Reached XP level 7. HP: 69/69 MP: 7/7
  4356 | D:4      | Noticed hitsuchi's ghost (novice DDEE)
  4367 | D:4      | Found a bloodstained altar of Trog.
  4445 | Temple   | Entered the Ecumenical Temple
  4496 | Temple   | Became a worshipper of Gozag Ym Sagoz the Greedy
  4706 | D:4      | Reached skill level 7 in Fighting
  4749 | D:4      | HP: 18/108 [ogre/+0 giant spiked club (5)]
  4751 | D:4      | Reached skill level 1 in Dodging
  4770 | D:4      | Reached skill level 2 in Dodging
  5183 | D:4      | Found a blossoming altar of Fedhas.
  5255 | D:5      | Entered Level 5 of the Dungeon
  5346 | D:5      | Reached XP level 8. HP: 73/80 MP: 8/8
  5555 | D:5      | Found a shadowy altar of Dithmenos.
  5792 | D:5      | Found a shimmering altar of Xom.
  5918 | D:5      | Found a radiant altar of Vehumet.
  5973 | D:5      | Found an ancient bone altar of Kikubaaqudgha.
  5974 | D:5      | Found a shimmering blue altar of Sif Muna.
  6189 | D:5      | Identified Kikubaaqudgha's Volume of Evil Rituals
  6286 | D:6      | Noticed Sigmund
  6424 | D:6      | Found a runed translucent door.
  6425 | D:6      | Noticed Crazy Yiuf
  6466 | D:6      | Quit the game

Levels and vault maps discovered:
D:1:      ncdulo_smallfort, layout_loops_corners
D:2:      layout_basic
D:3:      kennysheep_goblin_castle, layout_rooms, lemuel_coloured_pillars_altar,
          guppyfry_early_orc_mine
D:4:      layout_basic, fedhas_altar_4, nicolae_overflow_crystal_walls,
          temple_fountains, ebering_ghost_sewer_d, first_ration
D:5:      layout_loops_ring, grunt_temple_overflow_magic_moments,
          nicolae_dithmenos_the_darkroom, nicolae_overflow_hidden_temple,
          serial_park_tiny_1
D:6:      layout_loops_ring, okawaru_altar_gauntlet_db, uniq_sigmund,
          uniq_crazy_yiuf_cottage
Temple:   cyrus_temple_forest

Skill      XL: |  1  2  3  4  5  6  7 |
---------------+----------------------+-----
Short Blades   | 1 2 3 4 |  4.2
Fighting       | 4 5 6 7 |  7.8
Stealth        | 5 |  5.0
Dodging        | 2 |  2.3
Maces & Flails | |  1.0
Armour         | |  1.5
Unarmed Combat | |  1.0

Action                   |  1- 3 |  4- 6 |  7- 9 || total
-------------------------+-------+-------+-------++-------
Melee: Dagger            |    62 |   171 |   124 ||   357
       Unarmed           |       |       |     3 ||     3
       Punch             |       |       |     1 ||     1
Throw: Stone             |     6 |     2 |       ||     8
       Dart              |       |    19 |    20 ||    39
Invok: Potion Petition   |       |       |     1 ||     1
 Abil: Spit Poison       |    33 |    66 |    19 ||   118
  Use: Scroll            |     3 |     9 |     2 ||    14
       Potion            |       |       |     3 ||     3
 Stab: Sleeping          |     1 |       |       ||     1
  Eat: Chunk             |     3 |    11 |     1 ||    15
       Ration            |       |       |     2 ||     2
Armor: Robe              |     2 |       |       ||     2
       Ring mail         |    12 |    53 |    29 ||    94
       Skin              |       |       |     3 ||     3
Dodge: Dodged            |    30 |    61 |    39 ||   130
